 Dungeon Crawl Stone Soup version 0.29-a0-1006-g0dd7720b37 (webtiles) character file.

Game seed: 7313971943827730883

700 freelancePsychic the Trooper (level 7, -11/63 HPs)
             Began as a Black Draconian Monk on Aug 6, 2022.
             Was a Priest of Cheibriados.
             Mangled by an orc warrior
             ... wielding a +0 scimitar
              (12 damage)
             ... on level 5 of the Dungeon.
             The game lasted 00:09:06 (5958 turns).

freelancePsychic the Trooper (Black Draconian Monk) Turns: 5958, Time: 00:09:07

Health: -11/63     AC: 14    Str: 19    XL:     7   Next: 38%
Magic:  7/7        EV: 15    Int: 19    God:    Cheibriados [***...]
Gold:   160        SH:  0    Dex: 25    Spells: 6/6 levels left

rFire   . . .      SeeInvis .   b - +0 dagger (venom)
rCold   . . .      Faith    .   (no shield)
rNeg    . . .      Spirit   .   (body armour unavailable)
rPois   .          Reflect  .   (helmet restricted)
rElec   +          Harm     .   i - +0 cloak
rCorr   .          Rampage  .   (no gloves)
Will    .....                   d - +2 pair of boots
Stlth   +++.......              (no amulet)
HPRegen 0.20/turn               k - +4 ring of protection
MPRegen 0.10/turn               p - +6 ring of dexterity

@: short of breath, very slow
A: breathe lightning, AC +6, unfitting armour, electricity resistance,
cold-blooded
a: Breathe Lightning, Renounce Religion, Bend Time, Temporal Distortion


You were on level 5 of the Dungeon.
You worshipped Cheibriados.
Cheibriados was most pleased with you.
You visited 2 branches of the dungeon, and saw 6 of its levels.

You collected 160 gold pieces.

Inventory:

Hand Weapons
 a - a +0 vorpal short sword
 b - a +0 dagger of venom (weapon)
Missiles
 n - 2 poisoned darts (quivered)
Armour
 d - a +2 pair of boots (worn)
 i - a +0 cloak (worn)
Magical Staves
 l - a staff of poison
Jewellery
 k - a +4 ring of protection (left hand)
 p - a +6 ring of dexterity (right hand)
Scrolls
 c - a scroll of torment
 e - a scroll of immolation
 g - a scroll of identify {@r1}
 m - a scroll of noise {unknown}
 o - a scroll of vulnerability {unknown}
Potions
 h - a potion of attraction {unknown}


   Skills:
 + Level 6.2 Fighting
 + Level 5.6 Short Blades
 - Level 2.1 Throwing
 + Level 4.0 Dodging
 - Level 2.1 Stealth


You had 6 spell levels left.
You didn't know any spells.
Your spell library was empty.

Dungeon Overview and Level Annotations

Branches:
Dungeon (5/15)             Temple (1/1) D:4

Altars:
Ashenzari
Cheibriados
Dithmenos
Elyvilon
Fedhas
Gozag
Hepliaklqana
Kikubaaqudgha
Makhleb
Nemelex Xobeh
Okawaru
Qazlal
Ru
Sif Muna
Trog
Uskayaw
Vehumet
Wu Jian
Xom
Yredelemnul
Zin
The Shining One


Innate Abilities, Weirdness & Mutations

You can breathe wild blasts of lightning.
Your glossy black scales are hard. (AC +6)
You cannot fit into any form of body armour.
You are resistant to electric shocks. (rElec)
You are cold-blooded and may be slowed by cold attacks.


Message History

The orc priest casts a cantrip, but nothing happens.
The adder bites you but does no damage.
The howler monkey hoots and howls with incredible vigour!
You hear an angry hiss. x2
You hit the orc warrior but do no damage.
The orc warrior looks as sick as possible!
Your tail-slap misses the orc warrior.
The orc warrior is lightly wounded.
The orc warrior barely misses you. The adder closely misses you.
The orc misses you.
The howler monkey hits you but does no damage.
Activating: Breathe Lightning (5% risk of failure)
Press: ? - help, Dir - look around, f - activate You breathe a wild blast of lightning!
You hear a mighty clap of thunder!
The bolt of lightning hits the orc warrior!
The orc warrior is almost dead.
You hear a mighty clap of thunder!
The bolt of lightning hits the orc.
You kill the orc!
Cheibriados appreciates the change of pace.
The bolt of lightning hits the orc priest!
You kill the orc priest!
Cheibriados appreciates the change of pace.
The orb of electricity explodes!
The orb of electricity engulfs the orc warrior.
The orc warrior is almost dead.
The orb of electricity engulfs the adder!
You kill the adder!
Cheibriados appreciates the change of pace.
The orb of electricity engulfs you. You resist.
* * * LOW HITPOINT WARNING * * *
The orb of electricity engulfs the howler monkey!
The howler monkey is heavily wounded.
The orb of electricity explodes!
Cheibriados appreciates the change of pace.
You feel a bit more experienced.
You hear an angry hiss.
The orc warrior hits you with a +0 scimitar!
You die...

#. ##...#...##..# .
###.##<..........# ..
........)........##..#
.....#............w.#..
...#..............# ...
......#.......ow###..#
##....#............##.
####.....#h###........
.?.........@)).##..##.
.###......†o#####.....
# ####..........).##.
....####......#...####
....h.....#.#..(....#
.........##..........#
......#.....#.........#
............#.........#
.......................


You could see an orc warrior (fast, extremely poisoned) and a howler monkey
(catching breath).

Vanquished Creatures
  2 ogres
  A necrophage (D:5)
  A jelly (D:5)
  Crazy Yiuf (D:4)
  2 orc priests
  3 hounds
  2 iguanas (D:4)
  2 orc wizards
  Robin (D:3)
  4 gnolls
  5 adders
  An ufetubus (D:5)
  2 worms (D:2)
  5 dart slugs
  4 orcs
  7 endoplasms
  5 giant cockroaches
  13 goblins
  10 hobgoblins
  4 jackals (D:4)
  2 quokkas (D:1)
  5 ball pythons
  2 bats (D:2)
  3 frilled lizards
  A kobold (D:3)
  9 rats
97 creatures vanquished.

Vanquished Creatures (others)
  5 fungi (D:2)
  2 plants (D:2)
7 creatures vanquished.

Grand Total: 104 creatures vanquished

Notes
Turn   | Place    | Note
-------+----------+-------------------------------------------
     0 | D:1      | freelancePsychic the Draconian Monk began the quest for the
                  | Orb.
     0 | D:1      | Reached XP level 1. HP: 19/19 MP: 1/1
   454 | D:1      | Reached XP level 2. HP: 26/26 MP: 2/2
  1135 | D:2      | Found a faded altar of an unknown god.
  1243 | D:2      | Reached skill level 4 in Fighting
  1243 | D:2      | Reached XP level 3. HP: 33/33 MP: 3/3
  1735 | D:2      | Reached skill level 1 in Throwing
  2070 | D:2      | Reached XP level 4. HP: 37/40 MP: 4/4
  2862 | D:3      | Reached XP level 5. HP: 47/47 MP: 5/5
  3210 | D:3      | You fall into a shaft and drop 1 floor!
  3210 | D:4      | Found a shimmering altar of Xom.
  3251 | D:4      | Found a stormy altar of Qazlal.
  3252 | D:4      | Found a shimmering blue altar of Sif Muna.
  3641 | D:4      | Reached skill level 5 in Fighting
  3749 | D:4      | Found a staircase to the Ecumenical Temple.
  3764 | Temple   | Entered the Ecumenical Temple
  3936 | Temple   | Became a worshipper of Cheibriados the Contemplative
  3936 | Temple   | Reached * piety under Cheibriados
  3936 | Temple   | Reached ** piety under Cheibriados
  3991 | D:4      | Found an opulent altar of Gozag.
  4308 | D:4      | Found a runed translucent door.
  4309 | D:4      | Noticed Crazy Yiuf
  4476 | D:4      | Killed Crazy Yiuf
  4714 | D:3      | Reached XP level 6. HP: 56/56 MP: 6/6
  4727 | D:3      | Noticed Robin
  4759 | D:3      | Killed Robin
  4923 | D:3      | Identified the +1 cloak of Summertime {Contam Rampage Str-4
                  | Int+9}
  5481 | D:5      | Entered Level 5 of the Dungeon
  5489 | D:5      | Reached skill level 5 in Short Blades
  5716 | D:4      | Your scales start taking on a glossy black colour.
  5716 | D:4      | Reached XP level 7. HP: 29/62 MP: 7/7
  5716 | D:4      | Gained mutation: You are resistant to electric shocks.
                  | (rElec) [Black Draconian growth]
  5885 | D:5      | Reached skill level 6 in Fighting
  5940 | D:5      | Reached *** piety under Cheibriados
  5949 | D:5      | HP: 3/63 [orc warrior/+0 scimitar (5)]
  5958 | D:5      | HP: 1/63 [shot self (3)]
  5958 | D:5      | Mangled by an orc warrior

Illustrated notes

Levels and vault maps discovered:
D:1:      amcnicky_arrival_single_pillar, layout_loops_corners
D:2:      layout_loops_corners, shapermc_ecumenical_altar_hornbeckon,
          hangedman_glass_teeth
D:3:      layout_rooms, uniq_robin
D:4:      layout_loops_ring, kennysheep_mini, minitemple,
          minmay_temple_entry_sparse_star, uniq_crazy_yiuf_cottage
D:5:      layout_rooms, minmay_manual_mail
Temple:   regret_index_temple_chain_breaker

Skill      XL: |  1  2  3  4  5  6  7 |
---------------+----------------------+-----
Fighting       | 4 5 6 |  6.2
Throwing       | 1 2 |  2.1
Short Blades   | 4 5 |  5.6
Stealth        | 2 |  2.1
Dodging        | 3 4 |  4.0

Action                   |  1- 3 |  4- 6 |  7- 9 || total
-------------------------+-------+-------+-------++-------
Melee: Short sword       |   117 |   222 |    14 ||   353
       Tailslap          |    14 |    47 |     6 ||    67
       Punch             |     1 |     3 |       ||     4
       Dagger            |       |    53 |    14 ||    67
Throw: Dart              |       |     2 |       ||     2
 Abil: Breathe Lightning |       |       |     2 ||     2
  Use: Scroll            |     2 |     7 |       ||     9
       Potion            |       |     3 |     1 ||     4
 Stab: Sleeping          |    10 |     6 |       ||    16
       Invisible         |       |     1 |       ||     1
Armor: Skin              |    23 |    86 |    13 ||   122
Dodge: Dodged            |    61 |   193 |    31 ||   285

Table legend: (Time is in decaauts)
 A = Elapsed time spent in this place.
 B = Non-inter-level travel time spent in this place.
 C = Inter-level travel time spent in this place.
 D = Time resting spent in this place.
 E = Time spent auto-exploring this place.
 F = Levels seen in this place.
 G = Mean time per level.
                   A        B        C        D        E       F      G
               +--------+--------+--------+--------+--------+-----+--------+
         Total |   6378 |   6017 |    361 |    397 |   4593 |   6 | 1063.0 |
       Dungeon |   6176 |   5842 |    334 |    397 |   4460 |   5 | 1235.2 |
        Temple |    202 |    175 |     27 |      0 |    133 |   1 |  202.0 |
               +--------+--------+--------+--------+--------+-----+--------+

Top non-repeatable levels by time:
     D:2: 1899 daAuts
     D:4: 1846 daAuts
     D:3: 1137 daAuts
     D:1: 1090 daAuts
     D:5: 203 daAuts
  Temple: 202 daAuts
